 Dungeon Crawl Stone Soup version 0.29-a0-925-g0a7a3d12f8 (webtiles) character file.

Game seed: 10941513562017206591

1501063 siradein the Planerender (level 27, 104/134 HPs)
             Began as a Spriggan Summoner on July 20, 2022.
             Was an Initiate of Gozag.
             Escaped with the Orb
             ... and 3 runes on July 28, 2022!
             The game lasted 12:55:56 (93574 turns).

siradein the Planerender (Spriggan Summoner)       Turns: 93574, Time: 12:55:57

Health: 104/134    AC: 19    Str:  5    XL:     27
Magic:  44/62      EV: 39    Int: 41    God:    Gozag
Gold:   7977       SH:  0    Dex: 20    Spells: 7/74 levels left

rFire   + + .      SeeInvis +   Z - +3 Elemental Staff {rElec rF++ rC++ AC+5}
rCold   + + .      Faith    .   (shield currently unavailable)
rNeg    + . .      Spirit   .   a - +2 robe {Archmagi}
rPois   +          Reflect  .   N - +3 hat of Pondering {ponderous, Will+ MP+10 Int+5}
rElec   +          Harm     .   n - +4 dragonskin cloak
rCorr   .          Rampage  .   (gloves unavailable)
Will    +++++      Archmagi +   (boots unavailable)
Stlth   +++.......              A - amulet of magic regeneration
HPRegen 0.32/turn               l - ring of Peace {Wiz Str+2 Int+5}
MPRegen 0.78/turn               o - ring "Pauzomm" {rN+ EV+4 Dex+2}

@: gold aura, studying 2 skills, very quick
A: very small, no large weapons, unfitting armour, see invisible, speed 3, horns
1, iridescent scales 1, clever 1, poison resistance, MP-powered wands
0: Orb of Zot
}: 3/15 runes: barnacled, silver, gossamer
a: Renounce Religion, Potion Petition, Call Merchant, Bribe Branch


You escaped.
You worshipped Gozag.
Gozag was greatly pleased with you.
You visited 9 branches of the dungeon, and saw 47 of its levels.
You visited 2 bazaars.
You also visited: Gauntlet and Desolation.

You collected 31246 gold pieces.
You spent 9621 gold pieces at shops.
You paid 13648 gold pieces to Gozag.

Inventory:

Hand Weapons
 Y - the +6 Majin-Bo {vamp, MP+6 Int+6}
   (You found it on level 5 of the Vaults)

   It heals its wielder for a portion of the damage dealt when they wound a
   living foe with it or with a spell.
   Its wielder's spells cost health as well as magical power.
   Int:       It affects your intelligence (+6).
   MP:        It affects your magic capacity (+6).
 Z - the +3 Elemental Staff (weapon) {rElec rF++ rC++ AC+5}
   (You found it in a Gauntlet)

   If the wielder is skilled in Evocations, they can discharge powerful blasts
   of elemental energy when striking with it.
   It enhances your fire, ice, earth and air magic.
   AC:        It affects your AC (+5).
   rF:        It greatly protects you from fire.
   rC:        It greatly protects you from cold.
   rElec:     It insulates you from electricity.
Armour
 a - a +2 robe of the Archmagi (worn)
 n - the +4 dragonskin cloak (worn)
   (You took it off Tiamat on level 3 of the Realm of Zot)

   It grants the wearer a chance to resist fire, cold, poison, electricity,
   acid, and negative energy.
 N - the +3 hat of Pondering (worn) {ponderous, Will+ MP+10 Int+5}
   (You found it in the Desolation of Salt)

   Int:       It affects your intelligence (+5).
   MP:        It affects your magic capacity (+10).
   Will:      It increases your willpower.
Jewellery
 l - the ring of Peace (left hand) {Wiz Str+2 Int+5}
   (You found it on level 4 of the Shoals)

   [ring of wizardry]

   It improves your spell success rate.
   Str:       It affects your strength (+2).
   Int:       It affects your intelligence (+5).
 m - the ring of Sot Eth {rElec Str+6 Int+2}
   (You took it off an imperial myrmidon in the Desolation of Salt)

   [ring of strength]

   Str:       It affects your strength (+6).
   Int:       It affects your intelligence (+2).
   rElec:     It insulates you from electricity.
 o - the ring "Pauzomm" (right hand) {rN+ EV+4 Dex+2}
   (You bought it in a shop on level 2 of the Orcish Mines)

   [ring of evasion]

   EV:        It affects your evasion (+4).
   Dex:       It affects your dexterity (+2).
   rN:        It protects you from negative energy.
 p - the ring of Juhianezxe {Drain rElec rC+ rN+}
   (You found it on level 3 of the Dungeon)

   [ring of protection from cold]

   rC:        It protects you from cold.
   rElec:     It insulates you from electricity.
   rN:        It protects you from negative energy.
   Drain:     It drains your maximum health when unequipped.
 z - the ring of Shadows {Umbra +Inv Stlth+}
   (You bought it in a shop on level 2 of the Orcish Mines)

   [ring of stealth]

   It surrounds you with an aura of shadow, increasing your stealth and reducing
   the accuracy of all others within it.
   +Inv:      It lets you turn invisible.
   Stlth:     It makes you more stealthy.
 A - an amulet of magic regeneration (around neck)
 M - the amulet of Fucy {Reflect Fly Str+2 SH+5}
   (You found it in the Desolation of Salt)

   [amulet of reflection]

   It reflects blocked missile attacks.
   Str:       It affects your strength (+2).
   Fly:       It grants you flight.
   SH:        It affects your SH (+5).
 O - the ring "Nycsa" {rF+ Int+2 Dex+3}
   (You found it on level 3 of the Shoals)

   [ring of protection from fire]

   Int:       It affects your intelligence (+2).
   Dex:       It affects your dexterity (+3).
   rF:        It protects you from fire.
 P - the ring of the Good {Wiz +Blink SInv}
   (You took it off a deep elf zephyrmancer on level 1 of the Elven Halls)

   [ring of wizardry]

   It improves your spell success rate.
   SInv:      It lets you see invisible.
   +Blink:    It lets you blink.
Wands
 g - a wand of digging (1)
 s - a wand of roots (31)
 v - a wand of polymorph (25)
 x - a wand of flame (69)
 C - a wand of acid (44)
 F - a wand of paralysis (50)
 U - a wand of mindburst (4)
Scrolls
 h - 10 scrolls of enchant weapon
 k - 31 scrolls of teleportation
 q - 6 scrolls of blinking
 w - 13 scrolls of fear
 y - 8 scrolls of immolation
 B - 11 scrolls of magic mapping
 E - 4 scrolls of silence
 K - 5 scrolls of summoning
 Q - 6 scrolls of brand weapon
 R - 6 scrolls of amnesia
 S - 4 scrolls of enchant armour
 V - 15 scrolls of fog
Potions
 b - 7 potions of magic
 c - 11 potions of ambrosia
 e - 10 potions of heal wounds
 f - 4 potions of haste
 i - 9 potions of might
 j - 35 potions of curing
 r - 9 potions of brilliance
 t - 8 potions of invisibility
 u - 10 potions of mutation
 D - 4 potions of cancellation
 I - 6 potions of resistance
 J - 4 potions of berserk rage
 W - 2 potions of flight
Miscellaneous
 d - a phantom mirror
 G - a lightning rod (4/4)
 H - a phial of floods
 L - a box of beasts
 T - a tin of tremorstones (2/2)
 X - a condenser vane


   Skills:
 + Level 10.6 Fighting
 + Level 19.6 Dodging
 - Level 20.0 Stealth
 - Level 2.4 Shields
 + Level 24.3 Spellcasting
 - Level 10.0 Conjurations
 O Level 27 Summonings
 - Level 10.0 Necromancy
 - Level 10.0 Translocations
 + Level 21.6 Evocations


You had 7 spell levels left.
You knew the following spells:

 Your Spells              Type           Power      Damage    Failure   Level
a - Summon Cactus Giant   Summ           79%        N/A       0%          6
b - Malign Gateway        Summ/Tloc      70%        N/A       1%          7
c - Call Canine Familiar  Summ           100%       N/A       0%          3
d - Summon Guardian Gole  Hex/Summ       100%       N/A       0%          3
e - Iron Shot             Conj/Erth      58%        9d11      3%          6
f - Summon Horrible Thin  Summ           79%        N/A       1%          8
g - Summon Small Mammal   Summ           100%       N/A       0%          1
h - Apportation           Tloc           100%       N/A       0%          1
i - Haunt                 Necr/Summ      70%        N/A       1%          7
j - Spellforged Servitor  Conj/Summ      70%        N/A       1%          7
k - Summon Forest         Summ/Tloc      70%        N/A       0%          5
l - Dragon's Call         Summ           79%        N/A       1%          9
m - Blink                 Tloc           100%       N/A       0%          2
n - Passwall              Tmut/Erth      70%        N/A       1%          2

Your spell library contained the following spells:

 Spells                   Type           Power      Damage    Failure   Level
 Magic Dart               Conj           100%       1d8       0%          1
 Necrotise                Necr           100%       1d9       0%          1
 Call Imp                 Summ           100%       N/A       0%          2
 Searing Ray              Conj           100%       2d8       0%          2
 Sublimation of Blood     Necr           100%       N/A       0%          2
 Gell's Gravitas          Tloc           100%       N/A       0%          3
 Lesser Beckoning         Tloc           100%       N/A       0%          3
 Teleport Other           Tloc           100%       N/A       0%          3
 Vampiric Draining        Necr           100%       2d13      0%          3
 Animate Armour           Summ/Erth      100%       N/A       0%          4
 Summon Lightning Spire   Summ/Air       100%       N/A       0%          4
 Summon Hydra             Summ           79%        N/A       0%          7
 Beastly Appendage        Tmut           100%       N/A       1%          1
 Freeze                   Ice            100%       1d11      1%          1
 Sandblast                Erth           100%       2d20      1%          1
 Sting                    Tmut/Pois      100%       1d8       1%          1
 Wereblood                Tmut           65%        N/A       1%          2
 Confusing Touch          Hex            65%        N/A       1%          3
 Conjure Flame            Conj/Fire      100%       6-21      1%          3
 Dazzling Flash           Conj/Hex       100%       N/A       1%          3
 Frozen Ramparts          Ice            100%       1d12      1%          3
 Ignite Poison            Fire/Tmut/Pois 84%        N/A       1%          3
 Inner Flame              Hex/Fire       84%        N/A       1%          3
 Mephitic Cloud           Conj/Pois/Air  100%       N/A       1%          3
 Ozocubu's Armour         Ice            84%        N/A       1%          3
 Portal Projectile        Hex/Tloc       100%       N/A       1%          3
 Spider Form              Tmut/Pois      65%        N/A       1%          3
 Stone Arrow              Conj/Erth      100%       3d13      1%          3
 Tukima's Dance           Hex            65%        N/A       1%          3
 Airstrike                Air            42%        0-13+     1%          4
 Anguish                  Hex/Necr       47%        N/A       1%          4
 Dispel Undead            Necr           100%       3d31      1%          4
 Fulminant Prism          Conj/Hex       47%        3d21      1%          4
 Hailstorm                Conj/Ice       100%       3d20      1%          4
 Iskenderun's Mystic Bla  Conj/Tloc      100%       2d19      1%          4
 Leda's Liquefaction      Hex/Erth       42%        N/A       1%          4
 Olgreb's Toxic Radiance  Pois           65%        N/A       1%          4
 Passage of Golubria      Tloc           100%       N/A       1%          4
 Petrify                  Tmut/Erth      84%        N/A       1%          4
 Sticky Flame             Conj/Fire      100%       2d11      1%          4
 Agony                    Necr           100%       N/A       1%          5
 Fireball                 Conj/Fire      58%        3d22      1%          5
 Irradiate                Conj/Tmut      47%        3d27      1%          5
 Iskenderun's Battlesphe  Conj           100%       2d15      1%          5
 Lightning Bolt           Conj/Air       58%        1d81      1%          5
 Manifold Assault         Tloc           100%       N/A       1%          5
 Summon Mana Viper        Hex/Summ       100%       N/A       1%          5
 Death Channel            Necr           57%        N/A       1%          6
 Orb of Destruction       Conj           57%        9d14      2%          7
 Conjure Ball Lightning   Conj/Air       58%        3x3d21    3%          6
 Starburst                Conj/Fire      58%        6d16      3%          6
 Alistair's Intoxication  Tmut/Pois      43%        N/A       4%          5
 Blade Hands              Tmut           32%        N/A       4%          5
 Lee's Rapid Deconstruct  Erth           42%        3d21*     4%          5
 Metabolic Englaciation   Hex/Ice        42%        N/A       4%          5
 Silence                  Hex/Air        42%        N/A       4%          5
 Yara's Violent Unravell  Hex/Tmut       32%        3d13      4%          5
 Eringya's Noxious Bog    Tmut/Pois      32%        N/A       24%         6
 Statue Form              Tmut/Erth      56%        N/A       24%         6
 Dragon Form              Tmut           32%        N/A       75%         7
 Enfeeble                 Hex            32%        N/A       75%         7
 Ozocubu's Refrigeration  Ice            42%        4d13      75%         7
 Storm Form               Tmut/Air       42%        N/A       75%         7
 Infestation              Necr           57%        N/A       16%         8
 Lehudib's Crystal Spear  Conj/Erth      58%        10d14     75%         8
 Ignition                 Fire           42%        3d12      100%        8
 Chain Lightning          Conj/Air       58%        3d78      100%        9
 Fire Storm               Conj/Fire      58%        8d15      100%        9
 Shatter                  Erth           42%        3d33*     100%        9
 Animate Dead             Necr           Unusable   N/A       N/A         4
 Corpse Rot               Necr/Pois/Air  Unusable   N/A       N/A         4
 Simulacrum               Ice/Necr       Unusable   N/A       N/A         6

Dungeon Overview and Level Annotations

Branches:
Dungeon (15/15)            Temple (0/1) D:7            Lair (5/5) D:8
 Shoals (4/4) Lair:3       Spider (4/4) Lair:2        Slime (0/5) Lair:4
    Orc (2/2) D:12            Elf (3/3) Orc:2        Vaults (5/5) D:14
  Crypt (0/3) Vaults:2     Depths (4/4) D:15            Zot (5/5) Depths:4
Desolation (visited)      Gauntlet (visited)

Altars:
Ashenzari
Cheibriados
Elyvilon
Fedhas
Gozag
Hepliaklqana
Kikubaaqudgha
Okawaru
Uskayaw
Vehumet
Wu Jian
Yredelemnul
Zin
The Shining One

Shops:
D:12 ?(   D:14 *   D:15 ?   Orc:2 [=([:   Lair:5 *   Shoals:1 [*(*
Shoals:3 ?[   Vaults:3 ?*?[   Vaults:4 ?([   Zot:5 [*   Depths:1 !

Portals:
Hell: Depths:1 Depths:2 Depths:3 Depths:4
Abyss: Depths:1 Depths:2 Depths:3
Pandemonium: Depths:2 Depths:3
Ziggurat: Depths:1

Annotations:
Shoals:4 6 transporters
Elf:2 6 runed translucent doors
Depths:3 1 runed translucent door
Depths:4 2 transporters, Oleutuy's ghost, veteran SpVM


Innate Abilities, Weirdness & Mutations

You are very small and have problems with some larger weapons.
You are too small for most types of armour.
You have supernaturally acute eyesight. (SInv)
You cover ground extremely quickly. (Speed+++)
You have a pair of small horns on your head.
You are partially covered in iridescent scales. (AC +2)
Your mind is acute. (Int +4, Str/Dex -1)
Your system is resistant to poisons. (rPois)
You expend magic power (3 MP) to strengthen your wands.


Message History

Your wraith hits the Brimstone Fiend but does no damage.
Your wraith hits the Brimstone Fiend!
Your wraith drains the Brimstone Fiend's vigour!
The Brimstone Fiend seems to slow down.
Your wraith hits the Brimstone Fiend.
Your wraith drains the Brimstone Fiend's vigour!
The Brimstone Fiend seems to slow down.
Your shadow wraith hits the Brimstone Fiend!
Your shadow wraith drains the Brimstone Fiend's vigour!
The Brimstone Fiend seems to slow down.
Your freezing wraith hits the Brimstone Fiend.
Your freezing wraith freezes the Brimstone Fiend!!
The Brimstone Fiend is frozen!
Your freezing wraith hits the Brimstone Fiend but does no damage.
Your wraith hits the Brimstone Fiend but does no damage.
Casting: Summon Cactus Giant (safe; 0% risk of failure)
Confirm with . or Enter, or press ? or * to list all spells.
You feel a surge of power!
You summon a servant imbued with your destructive magic!
Your shadow wraith hits the Brimstone Fiend!
Your shadow wraith drains the Brimstone Fiend's vigour!
The Brimstone Fiend seems to slow down.
Your shadow wraith hits the Brimstone Fiend!!
Your wraith hits the Brimstone Fiend but does no damage. x2
Your wraith hits the Brimstone Fiend.
The Brimstone Fiend dies!
You now have 7977 gold pieces (gained 15).
Unknown command.
You swap places.
You see here a +0 club.
You swap places.
Your wraith disappears in a puff of smoke!
You swap places.
Your wraith disappears in a puff of smoke!
Your shadow wraith disappears in a puff of smoke!
Your freezing wraith disappears in a puff of smoke!
Your wraith disappears in a puff of smoke! x2
There is an open door here.
Your shadow wraith disappears in a puff of smoke!
There is a staircase leading out of the dungeon here.
You have escaped!

#########.##########
#...§§.....#
#..≈≈§§..8.#
#(.§.§§....#
#####.######
####C#####
#....9...#
#........#
#......@.#
#........#
#........#
##########


You could see a friendly spellforged servitor (summoned) and a friendly cactus
giant (summoned).

Vanquished Creatures
  A ghost moth (Spider:4)
  A rakshasa (D:15)
  A glowing orange brain (D:15)
  An ugly thing (D:15)
  A wolf spider (Spider:2)
  2 tarantellas
  A blink frog (Lair:5)
  2 jumping spiders
  A spriggan (Lair:5)
  A water elemental (Shoals:3)
  A culicivora (Spider:4)
  A yak (D:8)
  A wraith (D:11)
  2 redbacks
  A vampire mosquito (D:11)
  An acid dragon (D:13)
  A water moccasin (Lair:1)
  2 centaurs
  An ogre (D:5)
  A wolf (Lair:5)
  A kobold brigand (D:5)
  A phantom (D:7)
  4 bullfrogs
  2 necrophages (D:8)
  A jelly (D:4)
  2 wights (D:8)
  A howler monkey (D:4)
  A centaur zombie (D:8)
  A bullfrog skeleton (D:4)
  A human zombie (D:8)
  An orc wizard (D:9)
  5 mummies (D:8)
  A howler monkey zombie (D:8)
  3 adders
  2 white imps
  A dart slug (D:3)
  3 orcs
  5 endoplasms
  4 goblins
  4 hobgoblins
  A jackal (D:1)
  15 kobolds
  2 quokkas (D:3)
  5 ball pythons
  A bat (D:1)
  A frilled lizard (D:3)
  2 rats
95 creatures vanquished.

Vanquished Creatures (collateral kills)
  Tiamat (Zot:3)
  3 dread liches
  Mennas (Vaults:4)
  3 ancient liches
  3 orbs of fire (Zot:5)
  A juggernaut (Depths:2)
  Parghit (Zot:4)
  Boris (Vaults:5)
  3 Killer Klowns (Zot:5)
  Saint Roka (Vaults:1)
  Vv (Depths:2)
  10 caustic shrikes (Depths:2)
  2 curse toes
  14 golden dragons
  The ghost of Gyqucw the Warrior, an adept DgCj (Depths:3)
  A profane servitor (Zot:5)
  Jory (Vaults:4)
  The ghost of Suezikaa the Severer, an adept MiMo of Okawaru (Shoals:3)
  2 bone dragons (Depths:4)
  3 electric golems
  Arachne (Spider:2)
  A Brimstone Fiend (D:1)
  Zenata (Vaults:1)
  2 walking earthen tomes
  3 liches
  22 Orb Guardians (Zot:5)
  2 deep elf blademasters
  Asterion (Spider:1)
  17 tentacled monstrosities
  4 titans
  9 quicksilver dragons
  A deep elf master archer (Elf:3)
  A quicksilver dragon (shapeshifter) (Vaults:5)
  3 krakens
  8 death cobs
  12 storm dragons
  Gastronok (Lair:2)
  The ghost of Waod the Severer, an adept HOBr of Beogh (Shoals:3)
  7 sphinxes
  The ghost of Amifaile the Wallflower, an adept HOBr of Uskayaw (Shoals:3)
  Donald (Elf:3)
  18 shadow dragons
  A nagaraja (Vaults:3)
  5 draconian monks
  10 tengu reavers
  The ghost of Tererut the Severer, an adept DsFi of Okawaru (Shoals:3)
  4 draconian knights
  4 fire giants
  11 frost giants
  7 emperor scorpions
  An imperial myrmidon (Desolation)
  An iron dragon (Depths:3)
  7 deep elf sorcerers
  5 ghost moths
  A draconian shifter (Depths:4)
  12 vault wardens
  5 deep elf elementalists
  Louise (Depths:1)
  2 angels (Vaults:1)
  4 draconian scorchers
  3 draconian stormcallers
  3 war gargoyles
  2 broodmothers
  5 spriggan defenders
  The ghost of Wannaq the Quickloader, a journeyman GnWn of Okawaru (Shoals:3)
  7 draconian annihilators
  3 ironbound thunderhulks
  16 ironbound preservers
  29 very ugly things
  16 stone giants
  Nessos (Orc:2)
  13 deep elf demonologists
  3 halazid warlocks (Desolation)
  10 green draconians
  15 deep elf annihilators
  6 vampire knights
  A bunyip (shapeshifter) (Depths:3)
  A dire elephant (shapeshifter) (Vaults:5)
  9 red draconians
  10 purple draconians
  8 black draconians
  10 yellow draconians
  4 dire elephants
  18 white draconians
  Azrael (Orc:1)
  A minotaur (Gauntlet)
  5 spark wasps
  5 entropy weavers
  2 crystal guardians
  2 jiangshi (Depths:4)
  4 merfolk javelineers
  An ettin (shapeshifter) (Vaults:3)
  6 deep elf death magi
  A blizzard demon (Depths:1)
  5 merfolk impalers
  14 fire dragons
  15 ettins
  7 deep elf high priests
  13 yaktaur captains
  4 great orbs of eyes
  9 ragged hierophants (Desolation)
  3 rakshasas
  15 peacekeepers
  10 ice dragons
  10 ironbound frosthearts
  3 hydras
  4 ogre magi
  2 servants of whispers (Desolation)
  15 centaur warriors
  5 jorogumos
  39 vault guards
  9 boulder beetles
  2 catoblepae
  3 spriggan air magi
  4 merfolk avatars
  3 alligator snapping turtles
  3 merfolk aquamancers
  A radroach (Spider:4)
  2 satyrs (Shoals:4)
  An alligator (Shoals:1)
  11 two-headed ogres
  35 dancing weapons
  7 death scarabs (Spider:4)
  13 deep troll shamans
  7 deep troll earth magi
  3 vampire magi
  An orc high priest (Elf:1)
  3 spriggan berserkers
  A shock serpent (shapeshifter) (Vaults:5)
  6 tengu warriors
  A hell knight (Vaults:5)
  3 sun demons (Depths:1)
  26 deep elf knights
  12 iron trolls
  7 pharaoh ants
  2 sun moths
  4 flayed ghosts
  7 glowing orange brains
  56 deep trolls
  3 glowing orange brains (shapeshifter)
  8 steelbarb worms
  16 ironbound convokers
  6 orb spiders
  12 sea snakes
  21 deep elf archers
  6 orc knights
  13 lindwurms
  3 phantasmal warriors
  11 harpies
  4 oklob plants
  2 wizards
  A lindwurm (shapeshifter) (Vaults:3)
  A spectral jorogumo (Spider:4)
  22 deep elf zephyrmancers
  3 spectral wolf spiders (Spider:4)
  An orc sorcerer (Elf:1)
  28 deep elf pyromancers
  27 wolf spiders
  16 manticores
  22 ugly things
  6 cyclopes
  10 fauns
  31 moths of wrath
  4 black mambas
  7 merfolk sirens
  4 elephants
  An elephant (shapeshifter) (Vaults:5)
  A molten gargoyle (Desolation)
  A guardian serpent (Desolation)
  4 water nymphs
  A rust devil (Zot:5)
  4 torpor snails
  15 cane toads
  23 vault sentinels
  2 smoke demons
  5 spectral redbacks (Spider:4)
  4 unseen horrors
  3 gargoyles
  5 komodo dragons
  2 hellions
  12 demonic crawlers
  2 freezing wraiths
  28 yaktaurs
  2 rime drakes
  5 ice devils
  A kobold demonologist (D:11)
  2 tengu conjurers (Depths:2)
  24 merfolk
  3 polar bears (Lair:5)
  6 meliai
  3 trolls
  11 wind drakes
  2 spectral jumping spiders (Spider:4)
  A spectral culicivora (Spider:4)
  30 tarantellas
  6 blink frogs
  A tarantella zombie (Spider:4)
  60 saltlings (Desolation)
  6 hornets
  2 spectral tarantellas (Spider:4)
  A culicivora zombie (Spider:4)
  A tarantella (shapeshifter) (Vaults:3)
  2 large abominations (Gauntlet)
  26 slime creatures
  7 dream sheep
  34 jumping spiders
  10 snapping turtles
  2 jumping spider zombies (Spider:4)
  8 air elementals
  14 water elementals
  3 shadows
  13 spriggans
  2 vampires (D:11)
  25 culicivoras
  A wyvern (D:9)
  3 wraiths
  4 fire elementals
  23 yaks
  2 basilisks
  57 redbacks
  2 death yak simulacra (Shoals:2)
  2 alligator snapping turtle simulacra (Shoals:2)
  3 vampire mosquitoes
  A steam dragon (D:9)
  A warg (shapeshifter) (Elf:2)
  2 wargs
  3 harpy simulacra (Shoals:2)
  4 small abominations
  4 acid dragons
  4 hell hounds
  7 water moccasins
  A floating eye (Depths:3)
  8 nameless horrors
  2 black bears (Lair:5)
  13 ogres
  28 orc warriors
  12 boggarts
  A boggart (shapeshifter) (Vaults:5)
  12 wolves (Lair:5)
  A phantom (D:7)
  17 centaurs
  3 kobold brigands
  4 merfolk simulacra (Shoals:2)
  11 bullfrogs
  A bullfrog (shapeshifter) (D:15)
  A faun simulacrum (Shoals:2)
  A gnoll sergeant (D:8)
  30 scorpions
  6 earth elementals
  7 wights
  3 snapping turtle simulacra (Shoals:2)
  2 manticore simulacra (Shoals:2)
  2 electric eels (Elf:3)
  4 crimson imps (Depths:1)
  3 howler monkeys
  A bullfrog zombie (D:4)
  A gnoll bouda (D:7)
  A hound (D:7)
  8 jellies
  11 orc priests
  A cyclops simulacrum (Shoals:2)
  A centaur skeleton (D:4)
  Natasha (D:2)
  Ijyb (D:5)
  6 iguanas
  10 orc wizards
  7 hell rats
  A centaur simulacrum (Shoals:2)
  9 gnolls
  2 adders
  3 shadow imps (Gauntlet)
  5 white imps
  An ufetubus (D:5)
  75 orcs
  A bat (D:2)
  14 endoplasms
  3 giant cockroaches
  7 goblins
  3 hobgoblins
  4 jackals
  5 quokkas
  3 ball pythons
  3 frilled lizards
  26 kobolds
  A rat (shapeshifter) (Vaults:5)
  2 rats (D:1)
  3 tentacles
2111 creatures vanquished.

Vanquished Creatures (others)
  A dread lich (Zot:5)
  An orb of fire (Zot:5)
  A lich (Vaults:5)
  3 Orb Guardians (Zot:5)
  A titan (Vaults:5)
  A sphinx (Vaults:5)
  14 eldritch tentacles
  A kraken (Shoals:1)
  A storm dragon (Zot:5)
  An emperor scorpion (Spider:1)
  3 vault wardens (Vaults:5)
  Aizul (Spider:2)
  A draconian scorcher (Zot:5)
  2 fire giants (Vaults:5)
  A frost giant (Shoals:2)
  3 draconian stormcallers (Zot:5)
  An ironbound preserver (Vaults:5)
  2 draconian shifters
  A draconian annihilator (Zot:5)
  3 stone giants (Vaults:5)
  2 green draconians (Zot:5)
  2 black draconians (Zot:5)
  A yellow draconian (Zot:5)
  2 purple draconians (Zot:5)
  2 white draconians (Zot:5)
  An ettin (Vaults:5)
  A deep elf high priest (Vaults:5)
  3 yaktaur captains (Vaults:5)
  A merfolk javelineer (Shoals:4)
  A rakshasa (D:15)
  3 hydras
  5 vault guards
  A centaur warrior (D:14)
  A radroach (Spider:1)
  An ogre mage (D:14)
  A two-headed ogre (D:11)
  A merfolk avatar (Shoals:4)
  A deep troll earth mage (D:11)
  A satyr (Shoals:4)
  Urug (Orc:1)
  Sonja (Lair:2)
  A deep elf knight (Elf:1)
  An orb spider (Spider:1)
  A kraken simulacrum (Shoals:2)
  A deep troll (shapeshifter) (D:11)
  A wizard (D:14)
  An ironbound convoker (Vaults:5)
  A lindwurm (shapeshifter) (D:11)
  5 orc knights
  2 ugly things
  2 wolf spiders (Spider:1)
  A cyclops (D:14)
  2 oklob plants (Lair:4)
  A moth of wrath (Zot:5)
  2 slime creatures
  4 elephants
  2 vault sentinels (Vaults:5)
  A black mamba (Lair:3)
  A water nymph (Shoals:4)
  2 gargoyles
  5 cane toads
  2 rime drakes (Lair:3)
  4 komodo dragons
  3 trolls
  5 polar bears
  3 hornets (Lair:5)
  A wind drake (shapeshifter) (Vaults:5)
  A wind drake (Shoals:4)
  5 blink frogs
  3 tarantellas
  A jumping spider (Spider:1)
  A vampire (D:11)
  A wraith (D:13)
  2 redbacks (Spider:1)
  3 spriggans (Lair:5)
  6 yaks
  Edmund (D:5)
  A warg (Orc:2)
  2 harpy simulacra (Shoals:2)
  An acid dragon (D:11)
  3 water moccasins
  An ice beast (D:7)
  The ghost of IndoAryan the Chopper, an amateur HOMo (D:4)
  10 orc warriors
  3 ogres
  4 wolves
  A boggart (Lair:5)
  4 centaurs
  2 bullfrogs
  A bullfrog (shapeshifter) (Vaults:5)
  A scorpion (Spider:1)
  5 wights
  A manticore simulacrum (Shoals:2)
  A gnoll bouda (D:6)
  An orc priest (Elf:2)
  4 hell rats (Lair:4)
  An orc wizard (D:6)
  3 gnolls
  A white imp (Depths:1)
  2 orcs
  A bat (D:2)
  A bush (D:7)
  A butterfly (D:7)
  46 fungi
  147 plants
  19 snaplasher vines
  16 tentacles
440 creatures vanquished.

Grand Total: 2646 creatures vanquished

Notes
Turn   | Place    | Note
-------+----------+-------------------------------------------
     0 | D:1      | siradein the Spriggan Summoner began the quest for the Orb.
     0 | D:1      | Reached XP level 1. HP: 9/9 MP: 5/5
   228 | D:1      | Reached XP level 2. HP: 13/13 MP: 5/7
   488 | D:1      | Learned a level 2 spell: Call Imp
  1066 | D:2      | Reached XP level 3. HP: 16/16 MP: 7/9
  1070 | D:2      | Learned a level 3 spell: Call Canine Familiar
  1264 | D:2      | Noticed Natasha
  1452 | D:2      | Found a faded altar of an unknown god.
  1858 | D:2      | Killed Natasha
  1859 | D:2      | Reached skill level 4 in Summonings
  1859 | D:2      | Reached XP level 4. HP: 5/21 MP: 9/11
  1863 | D:2      | Learned a level 3 spell: Summon Guardian Golem
  2279 | D:3      | Identified the ring of Juhianezxe {Drain rElec rC+ rN+}
  3713 | D:4      | Reached XP level 5. HP: 5/24 MP: 11/13
  3888 | D:4      | Reached skill level 5 in Spellcasting
  3888 | D:4      | Reached skill level 1 in Evocations
  4441 | D:4      | Found a runed translucent gate.
  4441 | D:4      | Found a runed translucent gate.
  4441 | D:4      | Found a runed translucent gate.
  4461 | D:4      | Noticed IndoAryan's ghost (amateur HOMo)
  4510 | D:4      | Found a hazy altar of Hepliaklqana.
  4533 | D:4      | Reached XP level 6. HP: 18/28 MP: 15/15
  4917 | D:5      | Entered Level 5 of the Dungeon
  5041 | D:5      | Learned a level 4 spell: Summon Lightning Spire
  5128 | D:5      | Noticed Ijyb
  5157 | D:5      | Killed Ijyb
  5588 | D:5      | Reached XP level 7. HP: 20/32 MP: 17/17
  6334 | D:5      | Found a broken altar of Ashenzari.
  6386 | D:5      | Noticed Edmund
  6554 | D:4      | Reached skill level 5 in Stealth
  6636 | D:4      | Killed IndoAryan's ghost
  6800 | D:5      | Killed Edmund
  6801 | D:5      | Reached skill level 5 in Summonings
  7106 | D:5      | Reached skill level 5 in Dodging
  7106 | D:5      | Reached XP level 8. HP: 36/36 MP: 17/20
  7662 | D:6      | Found a blossoming altar of Fedhas.
  7971 | D:7      | You fall into a shaft and drop 3 floors!
  7971 | D:10     | Entered Level 10 of the Dungeon
  8044 | D:10     | Noticed a komodo dragon
  8066 | D:10     | Killed a komodo dragon
  8273 | D:10     | Noticed a two-headed ogre
  8530 | D:10     | Noticed a slime creature
  8542 | D:9      | Found a radiant altar of Vehumet.
  8542 | D:9      | Found a glowing silver altar of Zin.
  8542 | D:9      | Found an opulent altar of Gozag.
  8542 | D:9      | Found a hide-covered altar of Uskayaw.
  8555 | D:9      | Became a worshipper of Gozag Ym Sagoz the Greedy
  8935 | D:7      | Reached skill level 5 in Evocations
  9599 | D:7      | Reached XP level 9. HP: 39/39 MP: 19/22
  9822 | D:7      | Reached skill level 6 in Summonings
  9827 | D:7      | Reached skill level 1 in Fighting
  9874 | D:7      | Found a white marble altar of Elyvilon.
 10024 | D:7      | Found a staircase to the Ecumenical Temple.
 11221 | D:8      | Reached XP level 10. HP: 47/47 MP: 24/24
 11225 | D:8      | Found a basalt altar of Yredelemnul.
 11390 | D:8      | Found a staircase to the Lair.
 11427 | D:8      | Reached skill level 7 in Summonings
 11472 | D:8      | Found a snail-covered altar of Cheibriados.
 12183 | D:9      | Noticed a two-headed ogre
 12220 | D:9      | Killed a two-headed ogre
 12221 | D:9      | Reached skill level 10 in Spellcasting
 12242 | D:9      | Found an ornate altar of the Wu Jian Council.
 14101 | D:10     | Reached skill level 10 in Stealth
 14405 | D:11     | Found a flickering gateway to a bazaar.
 14410 | Bazaar   | Entered a bazaar
 14415 | Bazaar   | Found Pixzowe's Weapon Boutique.
 14416 | Bazaar   | Found Olusu's Distillery.
 14426 | Bazaar   | Bought a potion of curing for 21 gold pieces
 14426 | Bazaar   | Bought a potion of resistance for 70 gold pieces
 14426 | Bazaar   | Bought a potion of berserk rage for 35 gold pieces
 14426 | Bazaar   | Bought a potion of cancellation for 56 gold pieces
 14426 | Bazaar   | Bought a potion of haste for 70 gold pieces
 14443 | Bazaar   | Found Axesh's Weapon Emporium.
 14443 | Bazaar   | Found Luseawn's Antique Armour Shoppe.
 14461 | Bazaar   | Found Renik's Antique Weapon Boutique.
 14480 | Bazaar   | Found Evied's Book Shop.
 14563 | D:11     | Noticed a six-headed hydra
 14680 | D:11     | Noticed a deep elf pyromancer
 14680 | D:11     | Noticed a gargoyle
 14719 | D:11     | Reached skill level 8 in Summonings
 14777 | D:11     | Noticed a sea snake
 14780 | D:11     | Reached XP level 11. HP: 53/53 MP: 14/26
 14783 | D:11     | a sea snake changed into an eye of devastation
 14797 | D:11     | Noticed a deep troll
 14829 | D:11     | Killed a deep troll
 14956 | D:11     | Noticed a two-headed ogre
 14970 | D:11     | Killed a two-headed ogre
 15255 | D:11     | Noticed a death drake
 15255 | D:11     | a yaktaur changed into a death drake
 15273 | D:11     | Noticed a lindwurm
 15278 | D:11     | Killed a lindwurm
 15558 | D:11     | Noticed a two-headed ogre
 15574 | D:11     | Killed a two-headed ogre
 15607 | D:11     | Killed a six-headed hydra
 15630 | D:11     | Noticed a four-headed hydra
 15682 | D:11     | Noticed an orc knight
 15711 | D:11     | Killed an orc knight
 15721 | D:11     | Reached skill level 9 in Summonings
 15728 | D:11     | Killed a four-headed hydra
 15729 | D:11     | Reached skill level 10 in Dodging
 16208 | D:11     | Noticed a sun demon
 16234 | D:11     | Reached XP level 12. HP: 59/59 MP: 28/28
 16259 | D:11     | Reached skill level 5 in Fighting
 16507 | D:11     | Found a runed translucent door.
 16507 | D:11     | Noticed a boulder beetle
 16715 | D:11     | Noticed an ice dragon
 16763 | D:11     | Killed an ice dragon
 16913 | D:11     | Noticed an ogre mage
 16923 | D:11     | Upgraded the game from 0.29-a0-878-g7b45a56547 to
                  | 0.29-a0-885-gb26ba3297d
 17030 | Lair:1   | Entered Level 1 of the Lair of Beasts
 17049 | Lair:1   | HP: 3/60 [themself (19)]
 17469 | Lair:1   | Noticed a six-headed hydra
 17504 | Lair:1   | Killed a six-headed hydra
 17542 | Lair:1   | Reached skill level 10 in Evocations
 17821 | Lair:1   | Noticed a boulder beetle
 17885 | Lair:1   | Killed a boulder beetle
 18713 | Lair:2   | Reached skill level 10 in Summonings
 18953 | Lair:2   | Found a hole to the Spider Nest.
 19049 | Lair:2   | Noticed Sonja
 19085 | Lair:2   | Killed Sonja
 19086 | Lair:2   | Reached skill level 1 in Shields
 19220 | Lair:2   | Noticed Gastronok
 19242 | Lair:2   | Killed Gastronok
 19951 | Lair:3   | Identified the +6 chain mail "Qyesar" {Dex+7}
 20463 | Lair:3   | Reached XP level 13. HP: 40/65 MP: 28/30
 20945 | Lair:3   | Identified the +5 ring mail of Narcissism {Rampage rN+
                  | Str+4 Dex+3}
 21065 | Lair:3   | Found a staircase to the Shoals.
 21843 | Lair:4   | Found a gate leading to a gauntlet.
 21849 | Gauntlet | Entered a Gauntlet
 21849 | Gauntlet | Found a transporter.
 21849 | Gauntlet | Found a transporter.
 21857 | Gauntlet | Found a transporter.
 21861 | Gauntlet | Found a transporter.
 21872 | Gauntlet | Found a transporter.
 21873 | Gauntlet | Found a transporter.
 21882 | Gauntlet | Found a transporter.
 21898 | Gauntlet | Found a transporter.
 21916 | Gauntlet | Found a transporter.
 21916 | Gauntlet | Found a transporter.
 21930 | Gauntlet | Found a transporter.
 21931 | Gauntlet | Found a transporter.
 22596 | Gauntlet | Found the +3 Elemental Staff {rElec rF++ rC++ AC+5}
 22596 | Gauntlet | Identified the +10 morningstar of Cheibriados's Reproof
                  | {vorpal, *Noise Fly Int-3 SInv}
 22596 | Gauntlet | Noticed a minotaur
 22759 | Gauntlet | Killed a minotaur
 22778 | Gauntlet | Identified the +5 morningstar of the Forest {spect, rCorr
                  | Str+6}
 23150 | Lair:4   | Reached skill level 11 in Summonings
 23961 | Lair:5   | Entered Level 5 of the Lair of Beasts
 24662 | Lair:5   | Reached XP level 14. HP: 70/70 MP: 32/32
 24744 | Lair:5   | Bought a potion of curing for 57 gold pieces
 24744 | Lair:5   | Bought a scroll of fear for 76 gold pieces
 25269 | Lair:5   | Got Igurhyer's Discourse on the Flock and Blight
 25271 | Lair:5   | Got Khufu's Handbook of Iniquitous Deeds
 26843 | D:12     | Reached skill level 15 in Stealth
 27189 | D:12     | Reached skill level 12 in Summonings
 27226 | D:12     | Found a staircase to the Orcish Mines.
 27226 | D:12     | Found Zaorom's Weapon Emporium.
 27831 | D:12     | Found Gihata's Magic Scroll Shop.
 27853 | D:12     | Bought a scroll of identify for 30 gold pieces
 27853 | D:12     | Bought a scroll of magic mapping for 112 gold pieces
 27853 | D:12     | Bought a scroll of brand weapon for 142 gold pieces
 27853 | D:12     | Bought 3 scrolls of identify for 90 gold pieces
 27853 | D:12     | Bought 2 scrolls of identify for 60 gold pieces
 27853 | D:12     | Bought a scroll of amnesia for 60 gold pieces
 27853 | D:12     | Bought a scroll of teleportation for 45 gold pieces
 27853 | D:12     | Bought a scroll of teleportation for 45 gold pieces
 28050 | D:12     | Learned a level 7 spell: Summon Hydra
 28052 | D:12     | Learned a level 1 spell: Apportation
 28175 | Orc:1    | Entered Level 1 of the Orcish Mines
 28176 | Orc:1    | Upgraded the game from 0.29-a0-885-gb26ba3297d to
                  | 0.29-a0-887-gcbe080d7e0
 28412 | Orc:2    | Entered Level 2 of the Orcish Mines
 28412 | Orc:2    | Found a staircase to the Elven Halls.
 28420 | Orc:2    | Noticed Azrael
 28425 | Orc:2    | Noticed Urug
 28884 | Orc:1    | Killed Azrael
 29115 | Orc:1    | Killed Urug
 29416 | Orc:2    | Noticed Nessos
 29425 | Orc:2    | Killed Nessos
 29706 | Orc:2    | Found Deucyufi's Vocational Training.
 29716 | Orc:2    | Bought a manual of Evocations for 1040 gold pieces
 30351 | Orc:2    | Found Koyhyut's Weapon Shoppe.
 30351 | Orc:2    | Found Roajul's Jewellery Shop.
 30353 | Orc:2    | Found Geomipia's Armour Boutique.
 30355 | Orc:2    | Found Fugeb's Antique Armour Emporium.
 30360 | Orc:2    | Bought the ring of Shadows {Umbra +Inv Stlth+} for 560 gold
                  | pieces
 30360 | Orc:2    | Found the ring of Shadows {Umbra +Inv Stlth+}
 31065 | Lair:4   | Found a staircase to the Slime Pits.
 32987 | D:13     | Reached XP level 15. HP: 77/77 MP: 34/34
 33863 | D:14     | Gained mutation: Your movements are slightly less
                  | encumbered by armour. (ER -2) [potion of mutation]
 33863 | D:14     | Gained mutation: You are weak. (Str -2) [potion of
                  | mutation]
 33863 | D:14     | Gained mutation: You are clumsy. (Dex -2) [potion of
                  | mutation]
 33863 | D:14     | Gained mutation: You are strong-willed. (Will+) [potion of
                  | mutation]
 33864 | D:14     | Lost mutation: Your movements are slightly less encumbered
                  | by armour. (ER -2) [potion of mutation]
 33864 | D:14     | Lost mutation: You are weak. (Str -2) [potion of mutation]
 33864 | D:14     | Gained mutation: You occasionally lose the ability to drink
                  | potions when taking damage. [potion of mutation]
 33864 | D:14     | Gained mutation: You have a pair of small horns on your
                  | head. [potion of mutation]
 33864 | D:14     | Gained mutation: You are partially covered in iridescent
                  | scales. (AC +2) [potion of mutation]
 33864 | D:14     | Gained mutation: You have a pair of horns on your head.
                  | [potion of mutation]
 33865 | D:14     | Lost mutation: You have a pair of horns on your head.
                  | [potion of mutation]
 33865 | D:14     | Lost mutation: You are strong-willed. (Will+) [potion of
                  | mutation]
 33865 | D:14     | Gained mutation: You are occasionally teleported next to
                  | monsters. [potion of mutation]
 33865 | D:14     | Gained mutation: You occasionally lose the ability to read
                  | scrolls when taking damage. [potion of mutation]
 33865 | D:14     | Gained mutation: You expend magic power (3 MP) to
                  | strengthen your wands. [potion of mutation]
 33866 | D:14     | Lost mutation: You expend magic power (3 MP) to strengthen
                  | your wands. [potion of mutation]
 33866 | D:14     | Lost mutation: You are occasionally teleported next to
                  | monsters. [potion of mutation]
 33866 | D:14     | Lost mutation: You occasionally lose the ability to drink
                  | potions when taking damage. [potion of mutation]
 33866 | D:14     | Gained mutation: You have hidden genetic potential. [potion
                  | of mutation]
 33866 | D:14     | Gained mutation: Your system is resistant to poisons.
                  | (rPois) [potion of mutation]
 33867 | D:14     | Lost mutation: You have hidden genetic potential. [potion
                  | of mutation]
 33867 | D:14     | Lost mutation: You occasionally lose the ability to read
                  | scrolls when taking damage. [potion of mutation]
 33867 | D:14     | Lost mutation: You are clumsy. (Dex -2) [potion of
                  | mutation]
 33867 | D:14     | Gained mutation: Your muscles are strong. (Str +4, Int/Dex
                  | -1) [potion of mutation]
 33867 | D:14     | Gained mutation: Your mind is acute. (Int +4, Str/Dex -1)
                  | [potion of mutation]
 33867 | D:14     | Lost mutation: Your muscles are strong. (Str +4, Int/Dex
                  | -1) [potion of mutation]
 33867 | D:14     | Gained mutation: You expend magic power (3 MP) to
                  | strengthen your wands. [potion of mutation]
 34044 | D:14     | Identified the +1 robe of Wrong Decisions {rElec}
 34175 | D:14     | Found Figunys's General Store.
 34184 | D:14     | Bought a scroll of identify for 26 gold pieces
 34184 | D:14     | Bought 2 potions of brilliance for 104 gold pieces
 34184 | D:14     | Bought a scroll of magic mapping for 97 gold pieces
 34184 | D:14     | Bought a scroll of teleportation for 39 gold pieces
 34184 | D:14     | Bought Sif Muna's Compendium of Summoned Spelunking for 520
                  | gold pieces
 34191 | D:14     | Learned a level 6 spell: Summon Cactus Giant
 34589 | D:14     | Found a gate to the Vaults.
 34742 | D:15     | Entered Level 15 of the Dungeon
 35080 | D:15     | Reached skill level 13 in Summonings
 35757 | D:15     | Found a staircase to the Depths.
 35945 | D:15     | Reached skill level 15 in Evocations
 36306 | D:15     | Found an ornate altar of the Wu Jian Council.
 36560 | Spider:1 | Entered Level 1 of the Spider Nest
 36892 | Spider:1 | Noticed an emperor scorpion
 36897 | Spider:1 | Killed an emperor scorpion
 37085 | Spider:1 | Reached skill level 15 in Spellcasting
 37183 | Spider:1 | Reached skill level 15 in Dodging
 37341 | Spider:1 | Reached XP level 16. HP: 84/84 MP: 30/36
 37455 | Spider:1 | Reached skill level 14 in Summonings
 38324 | Spider:1 | Noticed Asterion
 38353 | Spider:1 | Killed Asterion
 38879 | Spider:1 | Learned a level 7 spell: Haunt
 38887 | Spider:1 | Learned a level 7 spell: Spellforged Servitor
 38893 | Spider:1 | Learned a level 5 spell: Lightning Bolt
 38893 | Spider:1 | Upgraded the game from 0.29-a0-887-gcbe080d7e0 to
                  | 0.29-a0-892-g2c4c91d9db
 39258 | Spider:2 | Noticed Arachne
 39265 | Spider:2 | Reached skill level 1 in Necromancy
 39267 | Spider:2 | Reached skill level 1 in Conjurations
 39270 | Spider:2 | Killed Arachne
 39773 | Spider:2 | Noticed Aizul
 39797 | Spider:2 | Killed Aizul
 40388 | Spider:2 | Reached skill level 15 in Summonings
 41129 | Spider:3 | Reached skill level 10 in Fighting
 41626 | Spider:3 | Reached XP level 17. HP: 89/89 MP: 27/38
 42746 | Spider:4 | Entered Level 4 of the Spider Nest
 42922 | Spider:4 | Upgraded the game from 0.29-a0-892-g2c4c91d9db to
                  | 0.29-a0-902-g0f71de6fce
 45176 | Spider:4 | Reached skill level 5 in Necromancy
 45372 | Spider:4 | Reached skill level 16 in Summonings
 45455 | Spider:4 | Identified the +1 pair of gloves "Uxethewy" {rF+ Slay+5}
 45467 | Spider:4 | Got a gossamer rune of Zot
 45728 | Shoals:1 | Entered Level 1 of the Shoals
 46138 | Shoals:1 | Noticed a kraken
 46170 | Shoals:1 | Killed a kraken
 46483 | Shoals:1 | Found Rucage Tuh's Visitors' Centre.
 46769 | Shoals:1 | Found Rucage Tuh's Merfolk Magic.
 46776 | Shoals:1 | Found Rucage Tuh's Merfolk Weapons.
 46776 | Shoals:1 | Found Rucage Tuh's Merfolk Armours.
 46817 | Shoals:1 | Bought a +0 buckler of protection for 126 gold pieces
 47644 | Shoals:1 | Reached skill level 5 in Conjurations
 48121 | Shoals:2 | Noticed a kraken
 48143 | Shoals:2 | Killed a kraken
 48217 | Shoals:2 | Reached XP level 18. HP: 85/93 MP: 24/40
 48625 | Shoals:2 | Found a runed translucent gate.
 48626 | Shoals:2 | Found a runed translucent gate.
 48627 | Shoals:2 | Found a runed translucent gate.
 49128 | Shoals:2 | Identified the +1 ring mail of Puthraj {Int+4}
 49135 | Shoals:2 | Identified the +6 hand axe of Isaed {flame, rPois rCorr
                  | Str-3 Stlth+}
 49183 | Shoals:3 | Upgraded the game from 0.29-a0-902-g0f71de6fce to
                  | 0.29-a0-919-gd064cfad1c
 49190 | Shoals:3 | Learned a level 4 spell: Airstrike
 49206 | Shoals:3 | Bought a scroll of summoning for 161 gold pieces
 49206 | Shoals:3 | Bought a scroll of magic mapping for 127 gold pieces
 49206 | Shoals:3 | Bought a scroll of teleportation for 51 gold pieces
 49206 | Shoals:3 | Bought a scroll of teleportation for 51 gold pieces
 49206 | Shoals:3 | Bought a scroll of teleportation for 51 gold pieces
 49230 | Shoals:3 | Found a runed translucent gate.
 49230 | Shoals:3 | Found a runed translucent gate.
 49230 | Shoals:3 | Found a runed translucent gate.
 49236 | Shoals:3 | Noticed Suezikaa's ghost (adept MiMo)
 49236 | Shoals:3 | Noticed Amifaile's ghost (adept HOBr)
 49238 | Shoals:3 | Noticed Tererut's ghost (adept DsFi)
 49238 | Shoals:3 | Noticed Waod's ghost (adept HOBr)
 49238 | Shoals:3 | Noticed Wannaq's ghost (journeyman GnWn)
 49357 | Shoals:3 | Found Tirussew's Armour Shop.
 49429 | Shoals:3 | Reached skill level 17 in Summonings
 50727 | Shoals:3 | Killed Tererut's ghost
 50792 | Shoals:3 | Killed Waod's ghost
 50826 | Shoals:3 | Killed Wannaq's ghost
 50835 | Shoals:3 | Killed Amifaile's ghost
 50964 | Shoals:3 | Identified the ring "Nycsa" {rF+ Int+2 Dex+3}
 50965 | Shoals:3 | Reached XP level 19. HP: 98/98 MP: 42/42
 50966 | Shoals:3 | Reached XP level 20. HP: 102/102 MP: 43/43
 51013 | Shoals:3 | Killed Suezikaa's ghost
 51422 | Shoals:3 | Found Veise's Magic Scroll Emporium.
 51734 | Shoals:3 | Found Veise's Magic Scroll Emporium.
 52326 | Shoals:4 | Entered Level 4 of the Shoals
 52376 | Shoals:4 | Found a transporter.
 52468 | Shoals:4 | Reached skill level 18 in Summonings
 52912 | Shoals:4 | Identified the +9 whip of the Crypt {vorpal, rN+ Will+
                  | Str+3 Int-5}
 52966 | Shoals:4 | Found a transporter.
 52993 | Shoals:4 | Found a transporter.
 52995 | Shoals:4 | Found a transporter.
 53507 | Shoals:4 | Identified the ring of Peace {Wiz Str+2 Int+5}
 53526 | Shoals:4 | Found a transporter.
 53947 | Shoals:4 | Identified the +9 quarterstaff "Eraged" {vorpal, Str+4}
 54084 | Shoals:4 | Found a transporter.
 54468 | Shoals:4 | Got a barnacled rune of Zot
 54834 | Vaults:1 | Entered Level 1 of the Vaults
 54886 | Vaults:1 | Found a white marble altar of Elyvilon.
 54897 | Vaults:1 | Found a crumbling gateway.
 54933 | Vaults:1 | Found a glowing silver altar of Zin.
 54935 | Vaults:1 | Found a glowing golden altar of the Shining One.
 54941 | Desolati | Entered the Desolation of Salt
 55771 | Desolati | Got the Guidebook on Poison and Adjuration
 55775 | Desolati | Identified the amulet of Waur {Faith Will+}
 55789 | Desolati | Learned a level 5 spell: Summon Forest
 56039 | Desolati | Found the +3 hat of Pondering {ponderous, Will+ MP+10
                  | Int+5}
 56159 | Desolati | Identified the +2 leather armour of Xyphay {rF+ rC- Str+10
                  | Int+2}
 56160 | Desolati | Identified the amulet of Fucy {Reflect Fly Str+2 SH+5}
 56212 | Desolati | Learned a level 9 spell: Dragon's Call
 56481 | Desolati | Identified the ring of Sot Eth {rElec Str+6 Int+2}
 56532 | Desolati | Identified the ring of Vemige {Str+3 SInv}
 56538 | Desolati | Got the Opusculum on Combat Magic
 56541 | Desolati | Got the Vellum of Poisoning
 56938 | Vaults:1 | Reached XP level 21. HP: 107/107 MP: 38/45
 57076 | Vaults:1 | Reached skill level 1 in Translocations
 57117 | Vaults:1 | Noticed Saint Roka
 57142 | Vaults:1 | Killed Saint Roka
 57143 | Vaults:1 | Reached skill level 19 in Summonings
 57509 | Vaults:1 | Noticed Zenata
 57517 | Vaults:1 | Killed Zenata
 58549 | Vaults:1 | Identified the +0 ring mail "Hafeam" {rPois rF+}
 58635 | Vaults:2 | Reached skill level 5 in Translocations
 58964 | Vaults:2 | Found a staircase to the Crypt.
 58964 | Vaults:2 | Found a basalt altar of Yredelemnul.
 58964 | Vaults:2 | Found an ancient bone altar of Kikubaaqudgha.
 59010 | Vaults:2 | Identified the +1 buckler of the End {rElec rN+ Dex-3}
 60253 | Vaults:3 | Found Unludda's Magic Scroll Boutique.
 60262 | Vaults:3 | Bought a scroll of summoning for 133 gold pieces
 60333 | Vaults:3 | Found Wepra Soejo's Magic Scroll Shop.
 60343 | Vaults:3 | Found Lazu's Armour Shoppe.
 60537 | Vaults:3 | Found Qusaotho's Assorted Antiques.
 60600 | Vaults:3 | Found a flickering gateway to a bazaar.
 60622 | Bazaar   | Entered a bazaar
 60643 | Bazaar   | Found Waoran's Distillery.
 60648 | Bazaar   | Bought a potion of heal wounds for 45 gold pieces
 60648 | Bazaar   | Bought a potion of resistance for 90 gold pieces
 60648 | Bazaar   | Bought a potion of brilliance for 36 gold pieces
 60648 | Bazaar   | Bought a potion of curing for 27 gold pieces
 60648 | Bazaar   | Bought a potion of heal wounds for 45 gold pieces
 60674 | Bazaar   | Found Temelele's Magic Scroll Boutique.
 60680 | Bazaar   | Bought a scroll of teleportation for 27 gold pieces
 60680 | Bazaar   | Bought a scroll of teleportation for 27 gold pieces
 60680 | Bazaar   | Bought a scroll of magic mapping for 67 gold pieces
 60680 | Bazaar   | Bought a scroll of teleportation for 27 gold pieces
 60708 | Bazaar   | Found Qetain's General Store.
 60708 | Bazaar   | Found Burchumpy's General Store.
 60714 | Bazaar   | Bought a potion of curing for 36 gold pieces
 60714 | Bazaar   | Bought 2 potions of ambrosia for 192 gold pieces
 60714 | Bazaar   | Bought a scroll of teleportation for 36 gold pieces
 60714 | Bazaar   | Bought a scroll of teleportation for 36 gold pieces
 60720 | Bazaar   | Bought a potion of curing for 36 gold pieces
 60720 | Bazaar   | Bought a scroll of teleportation for 36 gold pieces
 60769 | Vaults:3 | Bought a potion of haste for 380 gold pieces
 60769 | Vaults:3 | Bought a scroll of teleportation for 114 gold pieces
 61021 | Vaults:3 | Bought a scroll of fear for 60 gold pieces
 61021 | Vaults:3 | Bought a scroll of magic mapping for 112 gold pieces
 61021 | Vaults:3 | Bought a scroll of fog for 60 gold pieces
 61021 | Vaults:3 | Bought 3 scrolls of magic mapping for 337 gold pieces
 61792 | Vaults:3 | Reached XP level 22. HP: 73/111 MP: 16/47
 62231 | Vaults:3 | Identified the ring of Ykliburrue {MP-9 Int+5 Dex+7 SInv}
 62423 | Vaults:3 | Identified the +8 demon trident "Ingatt" {venom, Will+}
 62582 | Vaults:3 | Identified the +2 pair of boots "Ukhiont" {Rampage rC+}
 62592 | Vaults:3 | Learned a level 7 spell: Malign Gateway
 63011 | Vaults:4 | Found Weopp's Magic Scroll Emporium.
 63015 | Vaults:4 | Bought a scroll of teleportation for 51 gold pieces
 63015 | Vaults:4 | Bought a scroll of teleportation for 51 gold pieces
 63015 | Vaults:4 | Bought a scroll of fog for 68 gold pieces
 63015 | Vaults:4 | Bought a scroll of fear for 68 gold pieces
 63146 | Vaults:4 | Reached skill level 20 in Summonings
 63343 | Vaults:4 | Noticed Jory
 64433 | Vaults:4 | Noticed Mennas
 64811 | Vaults:4 | Killed Jory
 65166 | Vaults:4 | Killed Mennas
 65167 | Vaults:4 | Reached skill level 10 in Translocations
 65575 | Vaults:4 | Found Sor Ent's Armour Boutique.
 65583 | Vaults:4 | Found Bemasa's Weapon Emporium.
 65592 | Vaults:4 | Bought a +1 cloak for 241 gold pieces
 66132 | Elf:1    | Entered Level 1 of the Elven Halls
 66149 | Elf:1    | Upgraded the game from 0.29-a0-919-gd064cfad1c to
                  | 0.29-a0-923-g6e406bff71
 66550 | Elf:1    | Paralysed by an air elemental for 1 turns
 67194 | Elf:1    | Paralysed by an air elemental for 1 turns
 67199 | Elf:1    | Identified the ring of the Good {Wiz +Blink SInv}
 67283 | Elf:1    | Paralysed by an air elemental for 1 turns
 68057 | Elf:2    | Found a runed translucent gate.
 68059 | Elf:2    | Found a runed translucent gate.
 68059 | Elf:2    | Found a runed translucent gate.
 68607 | Elf:2    | Reached XP level 23. HP: 98/99 MP: 33/49
 68767 | Elf:2    | Found a runed translucent gate.
 68767 | Elf:2    | Found a runed translucent gate.
 68767 | Elf:2    | Found a runed translucent gate.
 68767 | Elf:2    | Found a runed translucent gate.
 68767 | Elf:2    | Found a runed translucent gate.
 68770 | Elf:2    | Found a runed translucent gate.
 68796 | Elf:2    | Reached skill level 10 in Necromancy
 69380 | Vaults:3 | Bought a scarf of resistance for 608 gold pieces
 69589 | Orc:2    | Bought the ring "Pauzomm" {rN+ EV+4 Dex+2} for 719 gold
                  | pieces
 69898 | Elf:2    | Reached skill level 21 in Summonings
 70343 | Elf:3    | Entered Level 3 of the Elven Halls
 70493 | Elf:3    | Paralysed by an air elemental for 1 turns
 70637 | Elf:3    | Identified the +1 kite shield "Vema" {rF++}
 70637 | Elf:3    | Noticed Donald
 71185 | Elf:3    | Killed Donald
 72062 | Elf:3    | Identified the +1 short sword "Rummage" {venom, rN+ rCorr
                  | Int+2 Stlth+}
 72067 | Elf:3    | Identified the +8 morningstar "Soruxkok" {flame, rC- rN++
                  | rCorr}
 72114 | Elf:3    | Identified the +4 ring mail of the Gloaming {Contam rCorr
                  | Int+3 SInv}
 72394 | Elf:3    | Identified the ring "Huatar" {Str+3 Int+6}
 72542 | Elf:3    | Got the Excursus on Shadowy Glamour
 73195 | Depths:1 | Entered Level 1 of the Depths
 73298 | Depths:1 | Learned a level 8 spell: Summon Horrible Things
 73535 | Depths:1 | Found Eritrypp's Distillery.
 73541 | Depths:1 | Bought a potion of curing for 66 gold pieces
 73541 | Depths:1 | Bought a potion of invisibility for 176 gold pieces
 73541 | Depths:1 | Bought a potion of curing for 66 gold pieces
 73541 | Depths:1 | Bought 2 potions of curing for 132 gold pieces
 73541 | Depths:1 | Bought a potion of might for 88 gold pieces
 73608 | Depths:1 | Found a one-way gateway to a ziggurat.
 73789 | Depths:1 | Noticed Louise
 73799 | Depths:1 | Killed Louise
 73847 | Depths:1 | Found a one-way gate to the infinite horrors of the Abyss.
 73921 | Depths:1 | You fall into a shaft and drop 1 floor!
 73921 | Depths:2 | Found a gateway to Hell.
 74020 | Depths:2 | Found a one-way gate leading to the halls of Pandemonium.
 75250 | Depths:2 | Reached XP level 24. HP: 120/120 MP: 28/50
 75522 | Depths:2 | Reached skill level 10 in Conjurations
 75658 | Depths:2 | Noticed a juggernaut
 75665 | Depths:2 | Killed a juggernaut
 75940 | Depths:2 | Reached skill level 22 in Summonings
 76530 | Depths:2 | Noticed Vv
 76543 | Depths:2 | Killed Vv
 77345 | Depths:3 | Found an iron altar of Okawaru.
 77969 | Depths:3 | Found a runed translucent door.
 77971 | Depths:3 | Found a runed translucent door.
 78309 | Depths:3 | Noticed Gyqucw's ghost (adept DgCj)
 78310 | Depths:3 | Noticed an ancient lich
 78576 | Depths:3 | Killed Gyqucw's ghost
 78581 | Depths:3 | Killed an ancient lich
 78774 | Depths:4 | Entered Level 4 of the Depths
 78775 | Depths:4 | Upgraded the game from 0.29-a0-923-g6e406bff71 to
                  | 0.29-a0-925-g0a7a3d12f8
 79001 | Depths:4 | Reached XP level 25. HP: 123/123 MP: 46/51
 79745 | Depths:4 | Found a transporter.
 79758 | Depths:4 | Noticed a juggernaut
 79759 | Depths:4 | Found a transporter.
 79764 | Depths:4 | Noticed Oleutuy's ghost (veteran SpVM)
 79766 | Depths:4 | Noticed a juggernaut
 80245 | Depths:4 | Found a gate to the Realm of Zot.
 80884 | Vaults:5 | Entered Level 5 of the Vaults
 82013 | Vaults:5 | Reached skill level 23 in Summonings
 82351 | Vaults:5 | Identified the +1 chain mail of Filigreed the Good {+Inv
                  | rElec rF+ Str-3}
 82534 | Vaults:5 | Noticed Boris
 82552 | Vaults:5 | Killed Boris
 82553 | Vaults:5 | Identified the +1 ring mail "Jiytiv" {Str+4}
 82571 | Vaults:5 | Noticed an ancient lich
 82576 | Vaults:5 | Killed an ancient lich
 83242 | Vaults:5 | Noticed a dread lich
 83273 | Vaults:5 | Killed a dread lich
 83476 | Vaults:5 | Found the +6 Majin-Bo {vamp, MP+6 Int+6}
 83523 | Vaults:5 | Identified the +5 eveningstar "Wepush" {flame, Dex+2}
 83530 | Vaults:5 | Got a silver rune of Zot
 83536 | Vaults:5 | Identified the +1 long sword of Disharmony {drain, rElec
                  | Int-3 Dex+8}
 83613 | Vaults:5 | Learned a level 2 spell: Blink
 83616 | Vaults:5 | Learned a level 2 spell: Passwall
 83770 | Vaults:5 | Got Cinyshuk's Omnibus of the Throng and Moulding
 84419 | Zot:1    | Entered Level 1 of the Realm of Zot
 84802 | Zot:1    | Reached XP level 26. HP: 124/128 MP: 33/51
 85107 | Zot:1    | Reached skill level 24 in Summonings
 85197 | Zot:1    | You fall into a shaft and drop 1 floor!
 86210 | Zot:2    | Learned a level 6 spell: Iron Shot
 86969 | Zot:3    | Found the +4 dragonskin cloak
 86969 | Zot:3    | Noticed Tiamat
 87001 | Zot:3    | Killed Tiamat
 87759 | Zot:3    | Reached skill level 25 in Summonings
 88286 | Zot:4    | Noticed Parghit
 88318 | Zot:4    | Killed Parghit
 89367 | Zot:5    | Entered Level 5 of the Realm of Zot
 89559 | Zot:5    | Reached skill level 26 in Summonings
 90239 | Zot:5    | Reached XP level 27. HP: 133/133 MP: 47/51
 90603 | Zot:5    | Noticed a dread lich
 90604 | Zot:5    | Noticed a dread lich
 90623 | Zot:5    | Noticed an orb of fire
 90629 | Zot:5    | Noticed an ancient lich
 90631 | Zot:5    | Noticed an orb of fire
 90643 | Zot:5    | Killed a dread lich
 90664 | Zot:5    | Killed an ancient lich
 90670 | Zot:5    | Noticed an orb of fire
 90759 | Zot:5    | Killed an orb of fire
 90767 | Zot:5    | Killed an orb of fire
 90773 | Zot:5    | Killed a dread lich
 90948 | Zot:5    | Noticed an orb of fire
 90971 | Zot:5    | Killed an orb of fire
 90972 | Zot:5    | Reached skill level 27 in Summonings
 91669 | Zot:5    | Bought a wand of acid (3) for 264 gold pieces
 91669 | Zot:5    | Bought a potion of mutation for 168 gold pieces
 91670 | Zot:5    | Bought a lightning rod (4/4) for 630 gold pieces
 92202 | Zot:5    | Noticed a dread lich
 92208 | Zot:5    | Killed a dread lich
 92786 | Zot:5    | Got the Orb of Zot
 92840 | Zot:5    | Noticed Kiowueve the pandemonium lord
 93149 | D:15     | Bought a scroll of summoning for 152 gold pieces
 93149 | D:15     | Bought a scroll of fog for 64 gold pieces
 93149 | D:15     | Bought a scroll of fog for 64 gold pieces
 93149 | D:15     | Bought a scroll of fog for 64 gold pieces
 93574 | D:$      | Escaped with the Orb!

Illustrated notes

Levels and vault maps discovered:
D:1:      dpeg_arrival_rooms_c, layout_basic, corexii_hall_statues_i
D:2:      layout_rooms, chequers_ecumenical_altar_simple_redux, st_stairs_8,
          uniq_natasha
D:3:      minmay_inner_zag, layout_basic, nrook_loot_triangle,
          hangedman_decor_opposing
D:4:      layout_gridville, nicolae_hepliaklqana_hazy_memory,
          gammafunk_ghost_necromancy
D:5:      kennysheep_kobold_camp, layout_cave_pools, evilmike_ruin_ashenzari,
          uniq_ijyb, uniq_edmund
D:6:      layout_rooms, old_standard_altar
D:7:      layout_cave_pods, nicolae_elyvilon_peaceful_grove,
          minmay_temple_entry_fiery, minmay_alternating_orb
D:8:      layout_basic, lemuel_mausoleum_altar_yredelemnul,
          lemuel_coloured_pillars_altar, lair_entry_dummy,
          eino_small_chamber_without_monster
D:9:      layout_basic, mainiacjoe_overflow_cross_hatched,
          nicolae_overflow_hidden_temple
D:10:     layout_stronghold, dk_rats_in_the_wall
D:11:     cheibrodos_ideogram_h, layout_irregular_city,
          portal_ice_cave_entry_animals_and_master, serial_shops,
          bzr_entry_road, lightli_airlock
D:12:     layout_grid_maze, orc_david_3, serial_shops, nicolae_shop_stone
D:13:     layout_long_grid
D:14:     layout_basic, grunt_vaults_entry_fortified, serial_shops,
          nicolae_lakefront_shop
D:15:     gammafunk_enter_depths_forms, layout_basic,
          pdpol_wu_jian_five_deadly_venoms
Lair:1:   layout_cave_pods, minivault_27, lemuel_fruit_tree, grunt_megastairs_1
Lair:2:   layout_regular_city, dummy_spider_entry, beast_lair_carwin_2,
          uniq_gastronok, uniq_sonja
Lair:3:   layout_roguey, minmay_shoals_entry_hut, hangedman_lair_generics_rect
Lair:4:   lemuel_slime, layout_small_grid, minmay_slime_entry_oklob_enclosed,
          gauntlet_entry_generic, grunt_megastairs_3
Lair:5:   minmay_lair_end_enchanted_forest, layout_hall_layers
Shoals:1: nicolae_shoals_mermall, layout_shoals,
          nicolae_shoals_siren_and_animal_friends
Shoals:2: layout_shoals, nicolae_shoals_beach_cooler
Shoals:3: layout_shoals, serial_shops, shop, gammafunk_ghost_cemetery
Shoals:4: shoals_end_simple, layout_shoals, abandoned_shop,
          serial_nicolae_subway, nicolae_sub_station_crystal,
          nicolae_sub_station_metal, nicolae_sub_station_stone
Spider:1: spiders_nest_a, uniq_asterion
Spider:2: layout_chambers, drop_trap, nicolae_arachne_temple,
          nicolae_spider_cling_halls, uniq_aizul
Spider:3: layout_chambers
Spider:4: floodkiller_spider_rune_tomb
Orc:1:    layout_diamond_mine, mines3_lemuel
Orc:2:    st_orc_rangers, layout_diamond_mine, nicolae_shop_vocational,
          uniq_azrael, uniq_nessos, uniq_urug
Elf:1:    nicolae_elf_arrival_no_cutting_in_line, layout_geoelf_diagonals,
          evilmike_minifort, serial_sigils_hangedman_gut
Elf:2:    nicolae_elf_blades_crystal_corner, layout_gridlike, orc_legates
Elf:3:    minmay_elf_hall_curves, layout_geoelf_castle, uniq_louise, uniq_donald
Vaults:1: portal_desolation_entry_holy_temple,
          vaults_room_grunt_arrival_checkpoint, grunt_vaults_focal, v_misc_19,
          vaults_mumra_minichess, nicolae_vaults_shelves_hall,
          dpeg_vaults_monster_box, v_misc_15, v_misc_26,
          layout_vaults_omnicross, uniq_saint_roka, uniq_zenata
Vaults:2: minmay_crypt_entry_necro_gods, hangedman_vaults_river_flow,
          vaults_room_pool, v_alt_pattern_1, layout_vaults_omnigrid
Vaults:3: nicolae_vaults_angled_halls, vaults_room_pools, v_misc_28,
          vaults_mumra_hexcomb, nicolae_vaults_hallways_thing, st_greater_box_4,
          vaults_mumra_chevron, vaults_room_ringed_pool, v_alt_pattern_4,
          nicolae_vaults_little_squares_2, vaults_room_hallway,
          vaults_dpeg_encased_lava, vaults_room_pool, ontoclasm_vaults_pinch,
          layout_vaults_maze, serial_shops, bzr_entry_safe, nicolae_square_shop,
          shop, shop, shop_fountains, serial_glass
Vaults:4: nicolae_vaults_bisected_inception, nicolae_vaults_little_squares_1,
          v_misc_3, v_misc_15, nicolae_vaults_back_hallway,
          dpeg_vaults_monster_row, ontoclasm_vaults_ring_square, v_misc_16,
          hangedman_vaults_stitches, nicolae_vaults_border_crossing,
          v_pattern_5, vaults_room_pool, hangedman_vaults_stream,
          ontoclasm_vaults_ligature, ontoclasm_vaults_twist,
          ontoclasm_vaults_gateway, vaults_room_pools, layout_vaults_ring,
          serial_shops, shop, nicolae_diamond_shop, shop, uniq_jory, uniq_mennas
Vaults:5: uniq_boris
Depths:1: layout_gridville, enter_ziggurat_a, hangedman_tar_grid_catacomb,
          nicolae_abyss_entry_one_way_or_another, drop_trap,
          minmay_fire_ice_demons, minmay_shop_star
Depths:2: grunt_runaround [grunt_runaround_doors_1, grunt_runaround_doors_2,
          grunt_runaround_doors_3, grunt_runaround_doors_4,
          grunt_runaround_loot], pan_entry, abyss_entry, hell_entry, uniq_vv
Depths:3: hangedman_arrow_trap, layout_gridlike, hell_entry,
          hangedman_abyss_entry_splay, pan_entry, muffindrake_ghost_dual_entry,
          okawaru_ov_weapons_minmay, infiniplex_staircase_zigzag_3
Depths:4: grunt_zot_entry_hairpin, layout_cave_pools, hell_entry,
          gammafunk_ghost_arena
Zot:1:    layout_misc_corridors, st_stairs_13
Zot:2:    layout_misc_corridors
Zot:3:    layout_basic, uniq_tiamat
Zot:4:    layout_onion_interference, st_single_dragon_hoard_1, uniq_parghit
Zot:5:    layout_cellular_growth

Skill      XL: |  1  2  3  4  5  6  7  8  9 10 11 12 13 14 15 16 17 18 19 20 21 22 23 24 25 26 27 |
---------------+----------------------------------------------------------------------------------+-----
Spellcasting   | 3 4 5 6 7 8 9 10 11 12 13 14 15 16 17 18 19 20 21 22 23 24 | 24.3
Summonings     | 4 5 6 8 9 10 11 12 13 15 16 17 18 19 20 21 22 23 26 27 | 27.0
Dodging        | 3 4 5 6 7 8 10 11 12 13 15 16 17 19 | 19.6
Evocations     | 1 2 3 5 6 8 9 10 12 13 15 17 19 21 | 21.6
Stealth        | 4 5 7 8 10 11 13 14 15 16 18 20 | 20.0
Fighting       | 2 3 4 5 6 7 9 10 | 10.6
Shields        | 1 2 |  2.4
Necromancy     | 3 5 6 8 9 10 | 10.0
Conjurations   | 2 5 7 8 9 10 | 10.0
Translocations | 8 10 | 10.0

Action                   |  1- 3 |  4- 6 |  7- 9 | 10-12 | 13-15 | 16-18 | 19-21 | 22-24 | 25-27 || total
-------------------------+-------+-------+-------+-------+-------+-------+-------+-------+-------++-------
Melee: Dagger            |    25 |    48 |       |       |       |       |       |       |       ||    73
       Unarmed           |     3 |       |       |       |       |       |       |       |       ||     3
       Rapier            |       |    98 |    37 |    83 |    20 |       |       |       |       ||   238
       Punch             |       |     2 |     3 |       |       |       |       |       |       ||     5
       Short sword       |       |     3 |   108 |       |       |       |       |       |       ||   111
       Staff             |       |       |       |       |    34 |    39 |     4 |     2 |     3 ||    82
       Headbutt          |       |       |       |       |     5 |    10 |     1 |       |     3 ||    19
       Morningstar       |       |       |       |       |       |       |     2 |       |       ||     2
 Fire: Sling             |       |       |    10 |       |       |       |       |       |       ||    10
 Cast: Summon Small Mamm |    18 |       |       |    33 |    98 |       |       |       |       ||   149
       Call Imp          |    16 |    33 |    43 |    50 |    79 |     1 |       |       |       ||   222
       Call Canine Famil |       |    14 |    55 |    89 |   169 |    79 |     9 |     5 |     3 ||   423
       Summon Guardian G |       |       |    20 |    87 |   195 |    28 |       |       |       ||   330
       Summon Lightning  |       |       |       |    31 |   149 |    98 |     8 |       |       ||   286
       Summon Cactus Gia |       |       |       |       |    42 |   156 |    67 |   146 |   123 ||   534
       Summon Hydra      |       |       |       |       |     6 |   185 |    37 |     1 |       ||   229
       Haunt             |       |       |       |       |       |       |   113 |   291 |   232 ||   636
       Spellforged Servi |       |       |       |       |       |       |    64 |   118 |   111 ||   293
       Summon Forest     |       |       |       |       |       |       |    27 |    38 |    24 ||    89
       Dragon's Call     |       |       |       |       |       |       |     3 |    15 |    26 ||    44
       Malign Gateway    |       |       |       |       |       |       |       |    10 |     4 ||    14
       Iron Shot         |       |       |       |       |       |       |       |       |     1 ||     1
       Passwall          |       |       |       |       |       |       |       |       |    11 ||    11
       Apportation       |       |       |       |       |       |       |       |       |     1 ||     1
Invok: Call Merchant     |       |       |       |       |     1 |     1 |       |       |     3 ||     5
       Bribe Branch      |       |       |       |       |       |       |     1 |       |     2 ||     3
 Abil: Evoke Blink       |       |       |       |       |       |       |       |       |     3 ||     3
Evoke: Wand              |       |       |       |       |     1 |    17 |       |       |     6 ||    24
       Phantom mirror    |       |       |       |       |     1 |       |       |       |       ||     1
       Box of beasts     |       |       |       |       |       |     2 |       |       |     1 ||     3
       Phial of floods   |       |       |       |       |       |     1 |       |       |       ||     1
  Use: Scroll            |       |     4 |     1 |     6 |    16 |     4 |     5 |     6 |    12 ||    54
       Potion            |       |       |       |       |     5 |     3 |     5 |     1 |    11 ||    25
 Stab: Sleeping          |       |     7 |     7 |     6 |       |       |       |       |       ||    20
       Distracted        |       |     2 |     3 |     3 |     1 |     2 |       |       |       ||    11
Armor: Robe              |     5 |     5 |    35 |    11 |    29 |    20 |    11 |    15 |    14 ||   145
       Skin              |       |     2 |       |       |       |       |       |       |       ||     2
Dodge: Dodged            |    36 |   122 |   132 |   123 |   227 |   215 |   141 |   164 |   231 ||  1391
Block: Buckler           |       |       |       |    10 |    14 |     7 |     3 |       |       ||    34
       Other             |       |       |       |       |       |       |       |     1 |       ||     1
       Reflection        |       |       |       |       |       |       |       |     1 |       ||     1

Table legend: (Time is in decaauts)
 A = Elapsed time spent in this place.
 B = Non-inter-level travel time spent in this place.
 C = Inter-level travel time spent in this place.
 D = Time resting spent in this place.
 E = Time spent auto-exploring this place.
 F = Levels seen in this place.
 G = Mean time per level.
                   A        B        C        D        E       F      G
               +--------+--------+--------+--------+--------+-----+--------+
         Total |  75919 |  71596 |   4323 |   7698 |  44229 |  51 | 1488.6 |
       Dungeon |  19023 |  17507 |   1516 |   1165 |  11000 |  15 | 1268.2 |
          Lair |   7245 |   6696 |    549 |   1526 |   3181 |   5 | 1449.0 |
        Shoals |   6660 |   6501 |    159 |    297 |   4811 |   4 | 1665.0 |
   Spider Nest |   7407 |   7115 |    292 |    915 |   4229 |   4 | 1851.8 |
  Orcish Mines |   2402 |   2222 |    180 |    173 |   1279 |   2 | 1201.0 |
   Elven Halls |   5605 |   5258 |    347 |    643 |   3380 |   3 | 1868.3 |
        Vaults |  10865 |  10147 |    718 |    861 |   6725 |   5 | 2173.0 |
        Depths |   6940 |   6515 |    425 |    556 |   4364 |   4 | 1735.0 |
           Zot |   7139 |   7006 |    133 |   1333 |   3662 |   5 | 1427.8 |
        Bazaar |    144 |    144 |      0 |      0 |    119 |   2 |   72.0 |
    Desolation |   1706 |   1706 |      0 |     23 |   1201 |   1 | 1706.0 |
      Gauntlet |    777 |    777 |      0 |    204 |    272 |   1 |  777.0 |
               +--------+--------+--------+--------+--------+-----+--------+

Top non-repeatable levels by time:
Vaults:4: 3504 daAuts
   Zot:5: 2653 daAuts
    D:11: 2603 daAuts
   Elf:3: 2284 daAuts
Vaults:3: 2266 daAuts
Shoals:3: 2238 daAuts
Depths:2: 2131 daAuts
Spider:1: 1963 daAuts
  Lair:4: 1958 daAuts
Spider:3: 1947 daAuts
Spider:4: 1895 daAuts
Vaults:5: 1894 daAuts
Shoals:4: 1869 daAuts
     D:8: 1864 daAuts
Depths:4: 1786 daAuts
